 Dungeon Crawl Stone Soup version 0.26-a0-612-gd4d190f45e (webtiles) character file.

Game seed: 150978789868630613

2627 necrosphere the Covert (level 9, 0/60 HPs)
             Began as an Octopode Brigand on Sept 9, 2020.
             Was a Follower of Dithmenos.
             Slain by a gnoll
             ... wielding a +2 spear of venom
              (6 damage)
             ... on level 6 of the Dungeon.
             The game lasted 00:20:16 (7838 turns).

necrosphere the Covert (Octopode Brigand)           Turns: 7838, Time: 00:20:17

Health: 0/60       AC:  1    Str: 12    XL:     9   Next: 61%
Magic:  21/21      EV: 13    Int: 16    God:    Dithmenos [*.....]
Gold:   272        SH:  0    Dex: 14    Spells: 8/8 levels left

rFire    . . .     SeeInvis .   e - +2 dagger (venom)
rCold    . . .     Faith    .   (no shield)
rNeg     . . .     Spirit   .   (helmet restricted)
rPois    .         Reflect  .   (no amulet)
rElec    .         Harm     .   f - ring of magical power
rCorr    +                      u - ring of flight
MR       .....                  c - ring of resist corrosion
Stlth    ++++++....             (no ring)
HPRegen  0.20/turn              (no ring)
MPRegen  0.17/turn              (no ring)
                                (no ring)
                                (no ring)

@: wreathed by umbra
A: almost no armour, stealthy swim, amphibious, 8 rings, constrict 8, tentacle
spike 1, camouflage 1, clever 1, gelatinous body 1, subdued magic 1
a: Renounce Religion, Evoke Flight


You were on level 6 of the Dungeon.
You worshipped Dithmenos.
Dithmenos was aware of your devotion.
You visited 2 branches of the dungeon, and saw 7 of its levels.

You collected 272 gold pieces.

Inventory:

Hand Weapons
 e - a +2 dagger of venom (weapon)
 q - a +0 long sword
Missiles
 b - 24 poisoned darts (quivered)
 o - 4 boomerangs
 v - a curare-tipped dart
Jewellery
 c - a ring of resist corrosion (on tentacle)
 f - a ring of magical power (left tentacle)
 u - a ring of flight (right tentacle)
Wands
 g - a wand of polymorph (4)
 s - a wand of random effects (27)
Scrolls
 a - 2 scrolls of identify
 h - 2 scrolls of teleportation
 j - 3 scrolls of magic mapping
 k - a scroll of immolation
 l - 3 scrolls of fear
 m - 8 scrolls of remove curse
 n - 2 scrolls of fog
Potions
 d - 3 potions of brilliance
 i - a potion of lignification
 p - a potion of haste
 r - a potion of mutation
 t - 2 potions of curing


   Skills:
 - Level 4.8 Fighting
 - Level 7.1 Short Blades
 - Level 5.5 Throwing
 - Level 1.0 Dodging
 - Level 10.6 Stealth
 + Level 5.3 Invocations


You had 8 spell levels left.
You didn't know any spells.
Your spell library contained the following spells:

 Spells                   Type           Power        Failure   Level
 Beastly Appendage        Tmut           #.....       22%         1
 Freeze                   Ice            #...         22%         1
 Wereblood                Tmut           #.......     32%         2
 Frozen Ramparts          Ice            #.....       54%         3
 Ozocubu's Armour         Ice            #.......     54%         3
 Spider Form              Tmut/Pois      #.........   54%         3
 Hailstorm                Conj/Ice       #.......     92%         4
 Ice Form                 Ice/Tmut       #.......     92%         4
 Summon Ice Beast         Ice/Summ       #.......     92%         4
 Blade Hands              Tmut           #.........   100%        5


Dungeon Overview and Level Annotations

Branches:
Dungeon (6/15)             Temple (1/1) D:5

Altars:
Ashenzari
Cheibriados
Dithmenos
Elyvilon
Fedhas
Hepliaklqana
Kikubaaqudgha
Makhleb
Nemelex Xobeh
Okawaru
Qazlal
Ru
Trog
Uskayaw
Vehumet
Wu Jian
Xom
Yredelemnul
Zin
The Shining One

Shops:
D:6 [

Annotations:
D:6 1 transporter, MrRokkomies's ghost, novice OpEE


Innate Abilities, Weirdness & Mutations

You cannot wear most types of armour.
You are very stealthy in the water. (Stealth+)
You are amphibious.
You can wear up to eight rings at the same time.
You can use your tentacles to constrict eight enemies at once.
Your skin changes colour to match your surroundings (Stealth+).
Your rubbery body absorbs attacks. (AC +1, EV +1)
One of your tentacles bears a spike.
Your mind is acute. (Int +2)
Your spells are a little easier to cast, but a little less powerful.


Message History

Dithmenos accepts your kill. The gnoll barely misses you.
You hit the gnoll. You grab the gnoll.
The gnoll is heavily wounded.
You constrict the gnoll. You completely miss the gnoll. You squeeze the gnoll.
The gnoll is almost dead.
You constrict the gnoll.
You kill the gnoll!
Dithmenos accepts your kill.
The gnoll hits you from afar with a +2 spear of venom!
* * * LOW HITPOINT WARNING * * *
Fire/throw which item? (* to show all) (? for menu, Esc to quit)
Throwing (i - inventory. (/) - cycle)
b - 24 poisoned darts (quivered)
Press: ? - help, Shift-Dir - straight line, f/p - gnoll
Aim: a gnoll, wielding a +2 spear of venom (heavily wounded, very poisoned)
You throw a curare-tipped dart.
The curare-tipped dart barely misses the gnoll.
The gnoll hits you from afar with a +2 spear of venom.
You die...

######.....#..# #####.
#..........##.## #.....
#.####.....##..###.###.
#......................
#..≈≈≈≈≈≈≈≈≈≈≈≈≈≈≈≈≈≈≈≈
#..≈≈≈≈≈≈≈≈≈≈≈≈≈≈≈≈≈≈≈≈
#..≈≈#####...........##
#..≈≈#.8.#.###.©.###.#.
#..≈≈#@)g###.#####©###.
#..≈≈###..(....((g.g...
#..≈≈.8#.##(###'######.
#..≈≈.##g#.(.#..8#..$#g
#..≈≈.#..'..)..©⌠#:.$'.
#..≈≈.##.#g.)#..8#W$$#.
#..≈≈.8#.##g###'######.
#..≈≈###...............
#..≈≈#...###.#####.###.


You could see a gnoll (very poisoned).

Vanquished Creatures
  A two-headed ogre (D:6)
  A hippogriff (D:5)
  2 steam dragons (D:6)
  Duvessa (D:5)
  2 ice beasts
  3 ogres
  A centaur (D:6)
  3 bullfrogs
  A gnoll sergeant (D:6)
  A scorpion (D:6)
  Dowan (D:5)
  A howler monkey (D:4)
  2 hounds
  A centaur skeleton (D:6)
  An iguana (D:4)
  Terence (D:2)
  3 orc wizards
  2 worker ants
  Natasha (thrice) (D:3)
  A hound skeleton (D:5)
  6 gnolls
  4 adders
  3 ufetubi
  An adder skeleton (D:4)
  A worm (D:2)
  2 dart slugs
  7 leopard geckos
  13 orcs
  16 bats
  2 giant cockroaches (D:3)
  7 goblins
  12 hobgoblins
  2 jackals (D:1)
  3 quokkas
  3 ball pythons
  4 frilled lizards
  3 kobolds (D:1)
  8 rats
129 creatures vanquished.

Vanquished Creatures (others)
  5 fungi (D:6)
  6 plants (D:6)
11 creatures vanquished.

Grand Total: 140 creatures vanquished

Notes
Turn   | Place    | Note
-------+----------+-------------------------------------------
     0 | D:1      | necrosphere the Octopode Brigand began the quest for the
                  | Orb.
     0 | D:1      | Reached XP level 1. HP: 14/14 MP: 1/1
   122 | D:1      | Reached XP level 2. HP: 16/19 MP: 2/2
   320 | D:1      | Reached skill level 6 in Stealth
   710 | D:1      | Reached XP level 3. HP: 24/24 MP: 3/3
  1546 | D:2      | Noticed Terence
  1559 | D:2      | Killed Terence
  1559 | D:2      | Reached XP level 4. HP: 29/29 MP: 4/4
  1885 | D:2      | You fall into a shaft and drop 1 floor!
  1885 | D:3      | Found a glowing golden altar of the Shining One.
  1949 | D:3      | Found a stormy altar of Qazlal.
  2585 | D:3      | Reached XP level 5. HP: 16/34 MP: 5/5
  2598 | D:3      | Noticed Natasha
  2599 | D:3      | Gained mutation: Your mind is acute. (Int +2) [potion of
                  | mutation]
  2599 | D:3      | Gained mutation: Your spells are a little easier to cast,
                  | but a little less powerful. [potion of mutation]
  2599 | D:3      | Gained mutation: One of your tentacles bears a spike.
                  | [potion of mutation]
  2608 | D:3      | Killed Natasha
  3222 | D:3      | Reached skill level 5 in Throwing
  3222 | D:3      | Reached XP level 6. HP: 39/39 MP: 6/6
  3267 | D:3      | Noticed Natasha
  3276 | D:3      | Killed Natasha
  3443 | D:3      | Found a shimmering altar of Xom.
  3489 | D:3      | Reached skill level 7 in Stealth
  3513 | D:3      | Noticed Natasha
  3595 | D:3      | Killed Natasha
  3690 | D:3      | Found a hazy altar of Hepliaklqana.
  3693 | D:3      | Found an ornate altar of the Wu Jian Council.
  4130 | D:4      | Reached skill level 8 in Stealth
  4189 | D:4      | Found a burning altar of Makhleb.
  4371 | D:4      | Reached XP level 7. HP: 42/45 MP: 7/7
  4925 | D:5      | Entered Level 5 of the Dungeon
  4945 | D:5      | Noticed a hippogriff
  4963 | D:5      | Killed a hippogriff
  4963 | D:5      | Reached skill level 5 in Short Blades
  5078 | D:5      | Reached XP level 8. HP: 50/50 MP: 8/8
  5514 | D:5      | Found a staircase to the Ecumenical Temple.
  5523 | Temple   | Entered the Ecumenical Temple
  5670 | Temple   | Became a worshipper of Dithmenos the Shadowed
  6039 | D:5      | Noticed Dowan
  6041 | D:5      | Noticed Duvessa
  6051 | D:5      | Killed Dowan
  6100 | D:5      | Killed Duvessa
  6403 | D:6      | Found Wigod's Armour Boutique.
  6636 | D:6      | Noticed a two-headed ogre
  6666 | D:6      | Killed a two-headed ogre
  6666 | D:6      | Reached skill level 10 in Stealth
  6666 | D:6      | Reached XP level 9. HP: 60/60 MP: 9/9
  6725 | D:6      | Reached skill level 1 in Invocations
  7131 | D:6      | Found a transporter.
  7166 | D:6      | Noticed MrRokkomies's ghost (novice OpEE)
  7308 | D:6      | Found a transporter.
  7408 | D:6      | Reached * piety under Dithmenos
  7818 | D:6      | Reached skill level 5 in Invocations
  7838 | D:6      | Slain by a gnoll

Illustrated notes

Levels and vault maps discovered:
D:1:      nicolae_arrival_washed_ashore, layout_loops_ring
D:2:      layout_basic, minmay_ruptured, uniq_terence
D:3:      layout_basic, grunt_temple_overflow_cloverleaf, xom_teletrap_fun,
          uniq_natasha
D:4:      layout_basic, makhleb_blood_cavern_becter
D:5:      layout_loops_ring, temple_green, uniq_duvessa
D:6:      kennysheep_steamy, layout_basic, serial_shops, nicolae_shop_crystal,
          gammafunk_ghost_gnarly_gnolls, columned_hall_lemuel
Temple:   eino_temple_rhombus

Skill      XL: |  1  2  3  4  5  6  7  8  9 |
---------------+----------------------------+-----
Stealth        | 6 8 10 | 10.6
Throwing       | 3 4 5 |  5.5
Short Blades   | 5 7 |  7.1
Fighting       | 4 |  4.8
Invocations    | 5 |  5.3
Dodging        | |  1.0

Action                   |  1- 3 |  4- 6 |  7- 9 || total
-------------------------+-------+-------+-------++-------
Melee: Dagger            |    70 |    63 |    82 ||   215
       Constrict         |    17 |    15 |    17 ||    49
       Tentacles         |    10 |     9 |    23 ||    42
       Kick              |       |    14 |    29 ||    43
Throw: Dart              |    11 |    35 |    75 ||   121
  Use: Potion            |       |     8 |     1 ||     9
       Scroll            |       |     5 |     3 ||     8
 Stab: Sleeping          |    11 |    12 |     7 ||    30
       Distracted        |     1 |     2 |       ||     3
Armor: Skin              |     8 |     5 |     2 ||    15
Dodge: Dodged            |    38 |    27 |    47 ||   112

Table legend: (Time is in decaauts)
 A = Elapsed time spent in this place.
 B = Non-inter-level travel time spent in this place.
 C = Inter-level travel time spent in this place.
 D = Time resting spent in this place.
 E = Time spent auto-exploring this place.
 F = Levels seen in this place.
 G = Mean time per level.
                   A        B        C        D        E       F      G
               +--------+--------+--------+--------+--------+-----+--------+
         Total |   7732 |   7568 |    164 |   1282 |   4927 |   7 | 1104.6 |
       Dungeon |   7574 |   7430 |    144 |   1282 |   4791 |   6 | 1262.3 |
        Temple |    157 |    137 |     20 |      0 |    136 |   1 |  157.0 |
               +--------+--------+--------+--------+--------+-----+--------+

Top non-repeatable levels by time:
     D:6: 1513 daAuts
     D:3: 1510 daAuts
     D:1: 1230 daAuts
     D:2: 1203 daAuts
     D:5: 1200 daAuts
     D:4: 915 daAuts
  Temple: 157 daAuts
